 Dungeon Crawl Stone Soup version 0.18-a0-1514-g6ed9364 (webtiles) character file.

44 Amnesiac the Magician (level 3, 0/24 HPs)
             Began as a Mummy Wizard on Mar 6, 2016.
             Slain by an orc
             ... wielding a +0 hand axe
              (2 damage)
             ... on level 5 of the Dungeon.
             The game lasted 00:04:48 (2515 turns).

Amnesiac the Magician (Mummy Wizard)                Turns: 2515, Time: 00:04:49

Health: 0/24       AC:  3    Str: 10    XL:     3   Next: 41%
Magic:  0/8        EV: 12    Int: 17    God:
Gold:   154        SH:  0    Dex: 11    Spells: 3 memorised, 3 levels left

rFire  x . .     SeeInvis .     d - +0 club (curse)
rCold  + . .     Gourm    .     a - +0 robe
rNeg   + + +     Faith    .     (no shield)
rPois  ∞         Spirit   .     b - +0 hat
rElec  .         Dismiss  .     (no cloak)
rCorr  .         Reflect  .     (no gloves)
SustAt .         Harm     .     h - +0 pair of boots
MR     .....     Rnd*Tele +     (no amulet)
Stlth  ++........               (no ring)
                                e - ring of teleportation (curse)

@: very slightly contaminated, not resistant to hostile enchantments, unstealthy
A: no food or potions, fire vulnerability, cold resistance 1, negative energy
resistance 3, torment resistance, unbreathing
a: no special abilities


You were on level 5 of the Dungeon.
You were not hungry.

You visited 1 branch of the dungeon, and saw 5 of its levels.

You collected 154 gold pieces.

Inventory:

Hand Weapons
 d - a cursed +0 club (weapon)
 g - a +0 war axe
 i - a +0 spear
Missiles
 j - 18 poisoned needles
 k - 4 curare-tipped needles
Armour
 a - a +0 robe (worn)
 b - a +0 hat (worn)
 h - a +0 pair of boots (worn)
Jewellery
 e - a cursed ring of teleportation (left hand)
Scrolls
 f - a scroll of fog
Books
 c - a book of Minor Magic

   Spells                             Type                      Level
   a - Magic Dart                     Conjuration                  1
   b - Blink                          Translocation                2
   c - Call Imp                       Summoning                    2
   d - Repel Missiles                 Charms/Air                   2
   e - Slow                           Hexes                        2
   f - Conjure Flame                  Conjuration/Fire             3
   g - Mephitic Cloud                 Conjuration/Poison/Air       3
 l - a book of Battle

   Spells                             Type                      Level
   a - Infusion                       Charms                       1
   b - Shroud of Golubria             Charms/Translocation         2
   c - Song of Slaying                Charms                       2
   d - Spectral Weapon                Hexes/Charms                 3
   e - Regeneration                   Charms/Necromancy            3


   Skills:
 + Level 0.2 Polearms
 - Level 1.5 Dodging
 - Level 1.5 Stealth
 - Level 3.5 Spellcasting
 - Level 2.0 Conjurations
 - Level 1.0 Summonings
   Level 0.7 Translocations


You had 3 spell levels left.
You knew the following spells:

 Your Spells              Type           Power        Failure   Level  Hunger
d - Call Imp              Summ           #.......     21%         2    N/A
e - Mephitic Cloud        Conj/Pois/Air  #.......     38%         3    N/A
z - Magic Dart            Conj           #...         10%         1    N/A

Dungeon Overview and Level Annotations

Branches:
Dungeon (5/15)
 Temple: D:4-7

Altars:


Innate Abilities, Weirdness & Mutations

You do not eat or drink.
Your flesh is vulnerable to fire.
You are immune to poison.
Your flesh is cold resistant.
You are immune to negative energy.
You are immune to unholy pain and torment.
You can survive without breathing.


Message History

The magic dart hits the adder.
The adder is severely wounded.
The adder bites you.
Your crimson imp barely misses the giant frog zombie.
The orc hits you with a hand axe.
* * * LOW HITPOINT WARNING * * *
The adder bites you.
* * * LOW HITPOINT WARNING * * *
You closely miss the adder.
The adder is severely wounded.
Your crimson imp closely misses the giant frog zombie.
The orc barely misses the gnoll.
The orc hits you but does no damage. The adder barely misses you.
Your crimson imp blinks!
You hit the adder.
The adder is almost dead.
The adder closely misses you. The orc closely misses you. The adder bites you.
* * * LOW HITPOINT WARNING * * *
The orc hits you with a hand axe.
You die...

##### #....# #....#
#....# ####....#
........#
........################
..>....ogogolgo@SZ......
........#########.......
.....ol.# .......
..[..o..# .......
.$...o..# .......
.......g# #######
.......o#################
.....%.....l..##.........
..............##.........


You could see 3 gnolls, an adder, 3 orcs, a giant frog zombie and a giant newt.

Vanquished Creatures
  An adder (D:3)
  6 orcs
  A giant cockroach (D:1)
  A goblin (D:4)
  5 hobgoblins
  3 jackals (D:4)
  3 kobolds
  A ball python (D:5)
  3 bats (D:3)
  A giant newt (D:1)
  2 rats (D:3)
27 creatures vanquished.

Notes
Turn   | Place    | Note
--------------------------------------------------------------
     0 | D:1      | Amnesiac the Mummy Wizard began the quest for the Orb.
     0 | D:1      | Reached XP level 1. HP: 13/13 MP: 4/4
    12 | D:1      | Reached skill level 1 in Conjurations
   785 | D:3      | Reached XP level 2. HP: 19/19 MP: 4/6
   789 | D:3      | Learned a level 2 spell: Call Imp
   904 | D:3      | Reached skill level 1 in Summonings
  1586 | D:3      | Reached XP level 3. HP: 24/24 MP: 0/7
  1591 | D:3      | Learned a level 3 spell: Mephitic Cloud
  1849 | D:5      | Entered Level 5 of the Dungeon
  2119 | D:4      | Noticed a black bear
  2515 | D:5      | Slain by an orc

Vault maps used:
D:1:      dpeg_arrival_ratfight
D:2:      grunt_temple_overflow_magic_moments,
          hangedman_abyss_or_decor_lesser_grid, guppyfry_early_lair_pool
D:4:      corexii_shack_village, minmay_close_crescents
D:5:      first_bread

Skill      XL: |  1  2 |
---------------+-------+-----
Conjurations   | 1 2 |  2.0
Summonings     | 1 |  1.0
Polearms       | |  0.2
Dodging        | |  1.5
Stealth        | |  1.5
Spellcasting   | |  3.5
Translocations | |  0.7

Action                   || total
-------------------------++-------
Melee: Club              ||    53
 Cast: Magic Dart        ||    71
       Call Imp          ||     5
       Mephitic Cloud    ||     3
  Use: Scroll            ||     2
 Stab: Confused          ||     1
